 Dungeon Crawl Stone Soup version 0.19.1-1-g22dce08 (webtiles) character file.

385 Jynx the Conjurer (level 6, -10/32 HPs)
             Began as a Deep Elf Conjurer on Jan 7, 2017.
             Killed by divine providence
             ... invoked by an orc priest
              (12 damage)
             ... on level 4 of the Dungeon.
             The game lasted 00:09:01 (3790 turns).

Jynx the Conjurer (Deep Elf Conjurer)               Turns: 3790, Time: 00:09:01

Health: -10/32     AC:  2    Str:  5    XL:     6   Next: 48%
Magic:  1/17       EV: 13    Int: 22    God:
Gold:   210        SH:  0    Dex: 15    Spells: 4 memorised, 7 levels left

rFire  . . .     SeeInvis .     m - +0 dagger (venom)
rCold  . . .     Gourm    .     a - +0 robe
rNeg   . . .     Faith    .     (no shield)
rPois  .         Spirit   .     (no helmet)
rElec  .         Reflect  .     (no cloak)
rCorr  .         Harm     .     (no gloves)
MR     .....                    (no boots)
Stlth  ++........               (no amulet)
                                (no ring)
                                (no ring)

@: very slightly contaminated
A: no striking features
a: no special abilities


You were on level 4 of the Dungeon.
You were very hungry.

You visited 1 branch of the dungeon, and saw 4 of its levels.

You collected 210 gold pieces.

Inventory:

Hand Weapons
 m - a +0 dagger of venom (weapon)
Armour
 a - a +0 robe (worn)
Jewellery
 l - a +1 ring of evasion {unknown}
 v - an uncursed ring of positive energy {unknown}
Scrolls
 f - a scroll of remove curse
 n - a scroll of recharging
 r - a scroll of enchant weapon
Potions
 e - 2 potions of ambrosia
 h - 3 potions of flight {unknown}
 j - 2 potions of lignification {unknown}
 p - a potion of invisibility {unknown}
 q - 2 potions of curing {unknown}
 s - a potion of degeneration {unknown}
 u - a potion of brilliance {unknown}
Books
 b - a book of Conjurations

   Spells                             Type                      Level
   a - Magic Dart                     Conjuration                  1
   b - Searing Ray                    Conjuration                  2
   c - Dazzling Spray                 Conjuration/Hexes            3
   d - Fulminant Prism                Conjuration/Hexes            4
   e - Iskenderun's Mystic Blast      Conjuration                  4
   f - Iskenderun's Battlesphere      Conjuration/Charms           5
Comestibles
 c - 3 bread rations
 i - a royal jelly
 k - a meat ration
 o - a slice of pizza


   Skills:
 - Level 2.4 Dodging
 - Level 2.4 Stealth
 + Level 6.2 Spellcasting
 * Level 7.3 Conjurations


You had 7 spell levels left.
You knew the following spells:

 Your Spells              Type           Power        Failure   Level  Hunger
a - Magic Dart            Conj           ####         1%          1    None
b - Iskenderun's Mystic   Conj           #####...     6%          4    ###....
c - Dazzling Spray        Conj/Hex       ###...       8%          3    #......
d - Searing Ray           Conj           #####.       1%          2    None


Dungeon Overview and Level Annotations

Branches:
Dungeon (4/15)
 Temple: D:4-7

Altars:
Cheibriados
Kikubaaqudgha


Message History

The orc priest is heavily wounded.
The orc priest hits you with a flail!
You completely miss the orc priest.
The orc priest is heavily wounded.
The orc priest hits you with a flail.
You closely miss the orc priest.
The orc priest is heavily wounded.
The orc priest closely misses you.
You hit the orc priest but do no damage.
The orc priest is poisoned.
The orc priest is heavily wounded.
The orc priest mumbles some strange prayers to Beogh against you.
Beogh smites you!
* * * LOW HITPOINT WARNING * * *
You hit the orc priest but do no damage.
The orc priest looks as sick as possible!
The orc priest is heavily wounded.
The orc priest invokes the aid of Beogh against you.
Beogh smites you!
You die...

..#... ....#.# .†..>
#....# #..# ###....##
#).#######.......#
#).....)..........
#..####..........#
##.#####..#
#.####..<###
........o.####.# #...#
##......@......#####.##
########............#
...############ ####


You could see an orc priest.

Vanquished Creatures
  An ogre (D:4)
  The ghost of monokles the Skirmisher, an amateur DsMo (D:3)
  An orc wizard (D:3)
  A worker ant (D:4)
  3 gnolls (D:4)
  4 adders
  An ooze (D:3)
  2 worms (D:2)
  4 dart slugs
  2 leopard geckos (D:3)
  9 orcs
  3 giant cockroaches
  7 goblins
  8 hobgoblins
  4 jackals (D:1)
  3 quokkas
  4 bats
  6 frilled lizards
  8 kobolds
  9 rats
81 creatures vanquished.

Notes
Turn   | Place    | Note
-------+----------+-------------------------------------------
     0 | D:1      | Jynx the Deep Elf Conjurer began the quest for the Orb.
     0 | D:1      | Reached XP level 1. HP: 10/10 MP: 6/6
   548 | D:1      | Reached XP level 2. HP: 15/15 MP: 6/8
   650 | D:1      | Reached skill level 5 in Conjurations
   974 | D:1      | Reached XP level 3. HP: 19/19 MP: 1/10
  2002 | D:2      | Learned a level 2 spell: Searing Ray
  2006 | D:2      | Learned a level 3 spell: Dazzling Spray
  2015 | D:2      | Found an ancient bone altar of Kikubaaqudgha.
  2254 | D:2      | Reached XP level 4. HP: 24/24 MP: 10/12
  2520 | D:3      | Noticed monokles's ghost (amateur DsMo)
  2528 | D:3      | Killed monokles's ghost
  2528 | D:3      | Reached skill level 6 in Conjurations
  2528 | D:3      | Reached XP level 5. HP: 10/28 MP: 4/14
  2728 | D:2      | Learned a level 4 spell: Iskenderun's Mystic Blast
  2750 | D:3      | Reached skill level 5 in Spellcasting
  2950 | D:3      | Found a snail-covered altar of Cheibriados.
  2955 | D:3      | Found a faded altar of an unknown god.
  3320 | D:4      | Noticed an ogre
  3331 | D:4      | Killed an ogre
  3331 | D:4      | Reached skill level 7 in Conjurations
  3331 | D:4      | Reached XP level 6. HP: 19/32 MP: 1/16
  3790 | D:4      | Killed from afar by an orc priest

Skill      XL: |  1  2  3  4  5  6 |
---------------+-------------------+-----
Conjurations   | 5 6 7 |  7.3
Spellcasting   | 4 5 6 |  6.2
Dodging        | |  2.4
Stealth        | |  2.4

Action                   |  1- 3 |  4- 6 || total
-------------------------+-------+-------++-------
Melee: Unarmed           |     5 |       ||     5
       Dagger            |       |     7 ||     7
 Cast: Magic Dart        |   110 |    91 ||   201
       Iskenderun's Myst |       |     7 ||     7
       Dazzling Spray    |       |     1 ||     1
  Use: Scroll            |       |     6 ||     6
  Eat: Chunk             |     4 |     4 ||     8
Armor: Robe              |     3 |     1 ||     4
Dodge: Dodged            |    19 |     6 ||    25
